 Dungeon Crawl Stone Soup version 0.27-a0-1256-gced786f65e (webtiles) character file.

Game seed: 15811497116341408843

148 bande the Covered (level 5, -9/33 HPs)
             Began as a Gargoyle Fighter on June 11, 2021.
             Mangled by an ogre
             ... wielding a +0 giant spiked club
              (22 damage)
             ... on level 4 of the Dungeon.
             The game lasted 00:04:34 (3606 turns).

bande the Covered (Gargoyle Fighter)                Turns: 3606, Time: 00:04:34

Health: -9/33      AC: 11    Str: 20    XL:     5   Next: 30%
Magic:  5/5        EV:  7    Int:  8    God:
Gold:   120        SH: 10    Dex: 10    Spells: 4/4 levels left

rFire    . . .     SeeInvis .   a - +0 war axe
rCold    . . .     Faith    .   c - +1 kite shield
rNeg     + . .     Spirit   .   b - +0 scale mail
rPois    ∞         Reflect  .   (no helmet)
rElec    +         Harm     .   (no cloak)
rCorr    .         Rampage  .   (no gloves)
Will     .....                  (no boots)
Stlth    ..........             (no amulet)
HPRegen  0.11/turn              (no ring)
MPRegen  0.09/turn              (no ring)

@: no status effects
A: sickness immunity, AC +4, negative energy resistance 1, electricity
resistance, torment resistance 1, petrification resistance
a: no special abilities


You were on level 4 of the Dungeon.
You visited 1 branch of the dungeon, and saw 4 of its levels.

You collected 120 gold pieces.

Inventory:

Hand Weapons
 a - a +0 war axe (weapon)
Armour
 b - a +0 scale mail (worn)
 c - a +1 kite shield (worn)
Jewellery
 h - an amulet of magic regeneration
 j - a ring of flight
Wands
 g - a wand of iceblast (5)
 i - a wand of flame (12)
 l - a wand of acid (8)
Scrolls
 e - 2 scrolls of teleportation
 f - 2 scrolls of identify
 k - 2 scrolls of enchant weapon
Potions
 d - 2 potions of might


   Skills:
 + Level 4.1 Fighting
 + Level 3.2 Axes
 + Level 4.1 Armour
 + Level 0.4 Dodging
 - Level 0.1 Stealth
 + Level 4.0 Shields


You had 4 spell levels left.
You didn't know any spells.
Your spell library was empty.

Dungeon Overview and Level Annotations

Branches:
Dungeon (4/15)
 Temple: D:4-7

Altars:
Ru


Innate Abilities, Weirdness & Mutations

You are immune to sickness and miasma.
Your stone body is resilient. (AC +4)
You are immune to poison.
You resist negative energy. (rN+)
You are resistant to electric shocks. (rElec)
You are resistant to unholy torment.
You are immune to petrification.


Message History

The adder bites you but does no damage. The adder barely misses you.
You barely miss the adder.
The adder is heavily wounded.
You block the adder's attack. x2
You closely miss the adder.
The adder is heavily wounded.
The adder barely misses you. x2
You miss the adder.
The adder is heavily wounded.
You block the adder's attack. The adder bites you but does no damage.
You hit the adder.
The adder is severely wounded.
You block the adder's attack. The adder bites you but does no damage.
You barely miss the adder.
The adder is severely wounded.
The adder bites you but does no damage. You block the adder's attack.
You slash the adder!
You kill the adder!
Your Shields skill increases to level 4!
No target in view!
No target in view!
You start resting.
HP restored.
You climb downwards.
The ogre hits you with a +0 giant spiked club! x2
There is a stone staircase leading up here.
You slash the ogre!
The ogre is moderately wounded.
The ogre hits you but does no damage.
You barely miss the ogre.
The ogre is moderately wounded.
You block the ogre's attack.
You hit the ogre.
The ogre is moderately wounded.
The ogre closely misses you.
You slash the ogre!
The ogre is severely wounded.
The ogre hits you with a +0 giant spiked club!!
Ouch! That really hurt!
You die...

### ## #.# #.### ##.####..#
#..##.#..# ####
...##.#..####..O##
#..##.......####@##
#.............##..##
<..................##.#
.........#............##
.......#..#.............
.......#...#....#####.##
......#..........###..#
..............)...)#..## .
.....###...............##....


You could see an ogre.

Vanquished Creatures
  Ijyb (D:3)
  3 adders
  A worm (D:3)
  4 dart slugs
  7 orcs
  2 endoplasms
  2 giant cockroaches
  5 goblins
  9 hobgoblins
  3 jackals (D:2)
  7 kobolds
  2 quokkas (D:2)
  5 ball pythons
  7 bats
  11 frilled lizards
  2 rats
71 creatures vanquished.

Vanquished Creatures (others)
  An ufetubus (D:3)
  4 plants (D:3)
5 creatures vanquished.

Grand Total: 76 creatures vanquished

Notes
Turn   | Place    | Note
-------+----------+-------------------------------------------
     0 | D:1      | bande the Gargoyle Fighter began the quest for the Orb.
     0 | D:1      | Reached XP level 1. HP: 14/14 MP: 1/1
   295 | D:1      | Reached XP level 2. HP: 11/19 MP: 2/2
   605 | D:1      | Reached XP level 3. HP: 17/24 MP: 3/3
  1083 | D:2      | Found a faded altar of an unknown god.
  1164 | D:2      | Found a sacrificial altar of Ru.
  1591 | D:2      | Reached XP level 4. HP: 28/29 MP: 4/4
  1919 | D:3      | Noticed Ijyb
  2531 | D:3      | Killed Ijyb
  2731 | D:3      | Reached XP level 5. HP: 25/33 MP: 5/5
  3557 | D:4      | Noticed an ogre
  3606 | D:4      | Mangled by an ogre

Illustrated notes

Levels and vault maps discovered:
D:1:      psy_arrival_terrarium, layout_loops_ring, moated_statue,
          minmay_misc_feat_rugged
D:2:      layout_loops_cross, chequers_ecumenical_altar_island, basic_altar
D:3:      layout_loops_ring, minmay_lizard_king, uniq_ijyb
D:4:      layout_layer_cave

Skill      XL: |  1  2  3  4  5 |
---------------+----------------+-----
Axes           | 2 3 |  3.2
Fighting       | 4 |  4.1
Armour         | 4 |  4.1
Shields        | 4 |  4.0
Dodging        | |  0.4
Stealth        | |  0.1

Action                   |  1- 3 |  4- 6 || total
-------------------------+-------+-------++-------
Melee: War axe           |    94 |   121 ||   215
  Use: Scroll            |     3 |     4 ||     7
       Potion            |     2 |       ||     2
Armor: Scale mail        |    51 |    84 ||   135
Dodge: Dodged            |    37 |    52 ||    89
Block: Kite shield       |    69 |    82 ||   151

Table legend: (Time is in decaauts)
 A = Elapsed time spent in this place.
 B = Non-inter-level travel time spent in this place.
 C = Inter-level travel time spent in this place.
 D = Time resting spent in this place.
 E = Time spent auto-exploring this place.
 F = Levels seen in this place.
 G = Mean time per level.
                   A        B        C        D        E       F      G
               +--------+--------+--------+--------+--------+-----+--------+
         Total |   3743 |   3706 |     37 |    926 |   2155 |   4 |  935.8 |
       Dungeon |   3743 |   3706 |     37 |    926 |   2155 |   4 |  935.8 |
               +--------+--------+--------+--------+--------+-----+--------+

Top non-repeatable levels by time:
     D:2: 1464 daAuts
     D:1: 1121 daAuts
     D:3: 845 daAuts
     D:4: 311 daAuts
